 Dungeon Crawl Stone Soup version 0.29-a0-330-g52719c12eb (webtiles) character file.

Game seed: 704589665248130304

2543 kae the Firebug (level 9, -12/60 HPs)
             Began as an Octopode Fire Elementalist on Apr 15, 2022.
             Was an Initiate of Ashenzari.
             Killed from afar by an orc (25 damage)
             ... with a bolt of acid
             ... on level 7 of the Dungeon.
             The game lasted 00:08:24 (10619 turns).

kae the Firebug (Octopode Fire Elementalist)       Turns: 10619, Time: 00:08:25

Health: -12/60     AC:  1    Str:  7    XL:     9   Next: 55%
Magic:  14/16      EV: 14    Int: 22    God:    Ashenzari [......]
Gold:   392        SH:  0    Dex: 12    Spells: 5/18 levels left

rFire   + . .      SeeInvis .   c - +0 whip of Ashenzari's Annoyance {vorpal, Self, Cun} (curse)
rCold   x . .      Faith    .   (no shield)
rNeg    . . .      Spirit   .   (helmet restricted)
rPois   .          Reflect  .   y - amulet of magic regeneration
rElec   .          Harm     .   w - ring of fire
rCorr   .          Rampage  .   (no ring)
Will    .....                   (no ring)
Stlth   +++++.....              (no ring)
HPRegen 0.20/turn               (no ring)
MPRegen 0.55/turn               (no ring)
                                (no ring)
                                (no ring)

@: about to teleport
A: almost no armour, amphibious, 8 rings, camouflage 1, gelatinous body 1,
(nimble swimmer 1), tentacles
a: Renounce Religion, Shatter the Chains


You were on level 7 of the Dungeon.
You worshipped Ashenzari.
Ashenzari was noncommittal.
You visited 2 branches of the dungeon, and saw 8 of its levels.
You also visited: Ossuary.

You collected 392 gold pieces.

Inventory:

Hand Weapons
 b - a +0 dagger
 c - the cursed +0 whip of Ashenzari's Annoyance (weapon) {vorpal, Self, Cun}
   (You found it on level 1 of the Dungeon)

   It inflicts extra damage upon your enemies.
   It has a curse which improves the following skills: Introspection: Fighting
   and Spellcasting.
   Cunning:   Dodging and Stealth.
Jewellery
 w - a ring of fire (left tentacle)
 y - an amulet of magic regeneration (around mantle)
Wands
 k - a wand of iceblast (8)
 v - a wand of digging (3)
 z - a wand of charming (4)
Scrolls
 l - a scroll of fog
 m - 3 scrolls of identify
 q - a scroll of amnesia
 t - a scroll of magic mapping
 u - a scroll of blinking
Potions
 a - a potion of magic
 d - a potion of cancellation
 e - a potion of heal wounds
 f - 3 potions of attraction
 g - 2 potions of degeneration
 h - 3 potions of might
 i - a potion of berserk rage
 j - a potion of lignification
 n - a potion of invisibility
 o - 5 potions of curing
 p - 3 potions of resistance
 r - a potion of flight
 s - 2 potions of ambrosia


   Skills:
 + Level 4.5(4.9) Fighting
 + Level 5.0(5.4) Dodging
 + Level 7.3(7.8) Stealth
 + Level 4.8(5.2) Spellcasting
 + Level 4.7 Conjurations
 * Level 7.4 Fire Magic


You had 5 spell levels left.
You knew the following spells:

 Your Spells              Type           Power      Damage    Failure   Level
a - Foxfire               Conj/Fire      100%       2x1d9     1%          1
b - Scorch                Fire           100%       2d10      1%          2
c - Conjure Flame         Conj/Fire      48%        6-21      2%          3
d - Inner Flame           Hex/Fire       33%        N/A       6%          3
e - Flame Wave            Conj/Fire      48%        2d10      9%          4

Your spell library contained the following spells:

 Spells                   Type           Power      Damage    Failure   Level
 Beastly Appendage        Tmut           10%        N/A       10%         1
 Slow                     Hex            20%        N/A       10%         1
 Wereblood                Tmut           5%         N/A       16%         2
 Confusing Touch          Hex            5%         N/A       30%         3
 Spider Form              Tmut/Pois      5%         N/A       30%         3
 Vampiric Draining        Necr           5%         2d6       30%         3


Dungeon Overview and Level Annotations

Branches:
Dungeon (7/15)             Temple (1/1) D:4         Ossuary (visited)

Altars:
Ashenzari
Cheibriados
Dithmenos
Elyvilon
Fedhas
Gozag
Hepliaklqana
Kikubaaqudgha
Makhleb
Nemelex Xobeh
Okawaru
Qazlal
Ru
Sif Muna
Trog
Uskayaw
Vehumet
Wu Jian
Xom
Yredelemnul
Zin
The Shining One

Shops:
D:4 ?   D:6 (

Annotations:
D:4 Edmund
D:6 Maggie
D:7 exclusion: steam dragon


Innate Abilities, Weirdness & Mutations

You cannot wear most types of armour.
You are amphibious.
You can wear up to eight rings at the same time.
Your skin changes colour to match your surroundings (Stealth+).
Your rubbery body absorbs attacks. (AC +1, EV +1)
((You are camouflaged when in or above water. (Stealth+)))
You have tentacles for arms and can constrict up to eight enemies at once.


Message History

The orc priest is moderately wounded.
The orc priest's fire resistance burns away.
The howler monkey hoots and howls with incredible vigour!
An orc wizard comes into view. It is wielding a +0 dagger.
The orc priest barely misses you.
You hear some strange, mumbled words.
A puff of flame appears from out of thin air!
The puff of flame hits you! You resist.
* * * LOW HITPOINT WARNING * * *
Casting: Scorch (safe; 1% risk of failure)
Confirm with . or Enter, or press ? or * to list all spells.
You feel a surge of power!
Flames lash the orc wizard.
You kill the orc wizard!
The orc priest hits you with a +0 mace!
* * * LOW HITPOINT WARNING * * *
Something hits you.
* * * LOW HITPOINT WARNING * * *
The orc priest is no longer more vulnerable to fire.
The orc priest closely misses you. Something hits you.
* * * LOW HITPOINT WARNING * * *
Your magical contamination has completely faded away.
You feel much better. The orc priest hits you with a +0 mace.
Something hits you.
Okay, then.
As you read the scroll of teleportation, it crumbles to dust.
You feel strangely unstable.
An orc comes into view.
It is wielding a +0 falchion and carrying a wand of acid (12).
Something hits you.
* * * LOW HITPOINT WARNING * * *
You hit the orc priest. You grab the orc priest.
The orc priest is heavily wounded.
You constrict the orc priest.
The howler monkey hoots and howls with incredible vigour!
The orc priest closely misses you. Something hits you.
* * * LOW HITPOINT WARNING * * *
You hear a shout!
You hit the orc priest but do no damage.
The orc priest is severely wounded.
You constrict the orc priest.
The orc zaps a wand.
The bolt of acid hits you!!
You die...

##.#. .... #..#
##
#######..##ggg.
.h..h.og...g# #.#
####.# #ooh.#
#@##.# #{##.#
#g##.# #h##g# ##
#######g##g#
###(.......gg##g#
...########.##h#
#..# #o##.#
..#..# #.##.#
...#


You could see 2 howler monkeys, an orc priest, 4 gnolls and 2 orcs.

Vanquished Creatures
  Sigmund (D:4)
  A wyvern (D:7)
  A steam dragon (D:7)
  2 ice beasts
  A black bear (D:4)
  2 ogres
  A centaur (D:5)
  A phantom (D:7)
  A scorpion (D:7)
  A necrophage (D:3)
  A bullfrog (D:7)
  5 water moccasin zombies (Ossuary)
  A howler monkey (D:6)
  4 hounds
  6 jellies
  3 orc priests
  2 iguanas
  Natasha (thrice) (D:2)
  4 orc wizards
  2 mummies (Ossuary)
  7 gnolls (D:4)
  11 adders
  A shadow imp (D:7)
  A white imp (D:7)
  An ufetubus (D:4)
  4 adder zombies (Ossuary)
  4 worms
  6 dart slugs
  27 orcs
  8 ball pythons
  4 bats
  11 endoplasms
  2 gnoll zombies (Ossuary)
  14 hobgoblins
  7 jackals
  4 kobolds
  6 quokkas
  6 frilled lizards
  5 goblins
  7 hobgoblin zombies (Ossuary)
  3 kobold zombies (Ossuary)
  3 orc zombies (Ossuary)
  5 rats
190 creatures vanquished.

Vanquished Creatures (others)
  564 foxfires
  9 plants
573 creatures vanquished.

Grand Total: 763 creatures vanquished

Notes
Turn   | Place    | Note
-------+----------+-------------------------------------------
     0 | D:1      | kae the Octopode Fire Elementalist began the quest for the
                  | Orb.
     0 | D:1      | Reached XP level 1. HP: 11/11 MP: 3/3
    94 | D:1      | Reached XP level 2. HP: 7/17 MP: 0/5
   580 | D:1      | Reached XP level 3. HP: 10/22 MP: 0/6
   820 | D:1      | Found a faded altar of an unknown god.
  1371 | D:2      | Reached skill level 1 in Fighting
  1371 | D:2      | Reached XP level 4. HP: 20/28 MP: 1/7
  1490 | D:1      | Learned a level 2 spell: Scorch
  1494 | D:1      | Learned a level 3 spell: Conjure Flame
  1911 | D:2      | Reached XP level 5. HP: 33/33 MP: 3/8
  2286 | D:2      | Noticed Natasha
  2292 | D:2      | Killed Natasha
  2410 | D:2      | Noticed Natasha
  2430 | D:2      | HP: 1/33 [Natasha (5)]
  2433 | D:2      | Killed Natasha
  2689 | D:2      | Noticed Natasha
  2692 | D:2      | Killed Natasha
  2693 | D:2      | Reached XP level 6. HP: 38/39 MP: 5/10
  4564 | D:4      | Noticed a black bear
  4595 | D:4      | Killed a black bear
  4596 | D:4      | Reached XP level 7. HP: 45/45 MP: 6/11
  4814 | D:4      | Found a staircase to the Ecumenical Temple.
  4818 | D:4      | Found Elilic's Magic Scroll Boutique.
  4825 | Temple   | Entered the Ecumenical Temple
  5075 | Temple   | Became a worshipper of Ashenzari the Shackled
  5243 | D:4      | Noticed Edmund
  5321 | D:4      | Reached skill level 5 in Fire Magic
  5478 | D:4      | Noticed Sigmund
  5492 | D:4      | Killed Sigmund
  5493 | D:4      | Reached skill level 5 in Stealth
  6019 | D:5      | Entered Level 5 of the Dungeon
  6071 | D:5      | Found a sand-covered staircase.
  6122 | Ossuary  | Entered an ossuary
  6534 | Ossuary  | Reached XP level 8. HP: 38/52 MP: 0/13
  8707 | D:6      | Reached * piety under Ashenzari
  8760 | D:6      | Reached XP level 9. HP: 48/61 MP: 10/17
  8875 | D:6      | Found Hapruyke's Weapon Shop.
  9259 | D:6      | Learned a level 3 spell: Inner Flame
  9264 | D:6      | Learned a level 4 spell: Flame Wave
  9322 | D:6      | Noticed Maggie
  9902 | D:7      | Found a burning altar of Makhleb.
 10534 | D:7      | Reached skill level 5 in Dodging
 10619 | D:7      | Killed from afar by an orc

Illustrated notes

Levels and vault maps discovered:
D:1:      wander_arrival_peaceful_grave, layout_rooms,
          hellmonk_ecumenical_altar_arch_garden, minmay_nonomino_d4
D:2:      layout_loops_ring, serial_bayou_ford_a, grunt_ministairs_7,
          chequers_mini_garden, uniq_natasha
D:3:      layout_basic
D:4:      layout_cave_pods, minmay_temple_entry_gardened_gates, serial_shops,
          nicolae_shop_trees, uniq_edmund, uniq_sigmund
D:5:      layout_basic, enter_ossuary_1
D:6:      layout_basic, serial_shops, shop_statue, uniq_maggie
D:7:      layout_loops_ring, mainiacjoe_overflow_concentric_impassable
Temple:   mainiacjoe_temple_archimedes_tessellation

Skill      XL: |  1  2  3  4  5  6  7  8  9 |
---------------+----------------------------+-----
Stealth        | 3 4 5 6 7 |  7.3
Fighting       | 1 2 3 4 |  4.5
Fire Magic     | 4 5 6 7 |  7.4
Conjurations   | 2 3 4 |  4.7
Dodging        | 3 4 5 |  5.0
Spellcasting   | 3 4 |  4.8

Action                   |  1- 3 |  4- 6 |  7- 9 || total
-------------------------+-------+-------+-------++-------
Melee: Unarmed           |     3 |       |       ||     3
       Whip              |    21 |    13 |    62 ||    96
       Tentacles         |     5 |     5 |    17 ||    27
       Constrict         |     5 |     4 |    12 ||    21
       Punch             |     1 |       |     2 ||     3
 Cast: Foxfire           |    54 |    90 |   183 ||   327
       Scorch            |       |    31 |    71 ||   102
       Conjure Flame     |       |       |     6 ||     6
Invok: Curse Item        |       |       |     2 ||     2
       Shatter the Chain |       |       |     1 ||     1
  Use: Potion            |     1 |     2 |     1 ||     4
       Scroll            |     3 |     2 |     9 ||    14
 Stab: Sleeping          |     1 |       |     2 ||     3
Armor: Skin              |     1 |     7 |     8 ||    16
Dodge: Dodged            |    14 |    52 |   179 ||   245

Table legend: (Time is in decaauts)
 A = Elapsed time spent in this place.
 B = Non-inter-level travel time spent in this place.
 C = Inter-level travel time spent in this place.
 D = Time resting spent in this place.
 E = Time spent auto-exploring this place.
 F = Levels seen in this place.
 G = Mean time per level.
                   A        B        C        D        E       F      G
               +--------+--------+--------+--------+--------+-----+--------+
         Total |  10643 |  10346 |    297 |   1976 |   6677 |   9 | 1182.6 |
       Dungeon |   9253 |   9043 |    210 |   1252 |   6349 |   7 | 1321.9 |
        Temple |    289 |    203 |     86 |      0 |    183 |   1 |  289.0 |
       Ossuary |   1100 |   1100 |      0 |    724 |    145 |   1 | 1100.0 |
               +--------+--------+--------+--------+--------+-----+--------+

Top non-repeatable levels by time:
     D:4: 1732 daAuts
     D:2: 1614 daAuts
     D:1: 1594 daAuts
     D:6: 1295 daAuts
     D:3: 1220 daAuts
 Ossuary: 1100 daAuts
     D:5: 1077 daAuts
     D:7: 718 daAuts
  Temple: 289 daAuts
